 Dungeon Crawl Stone Soup version 0.31.0-9-g3a7656b989 (webtiles) character file.

Game seed: 15663070269309956926

119 qw the Skirmisher (level 4, -4/25 HPs)
             Began as a Deep Elf Hunter on Feb 2, 2024.
             Splashed by a jelly's acid (9 damage)
             ... on level 3 of the Dungeon.
             The game lasted 00:00:05 (1483 turns).

qw the Skirmisher (Deep Elf Hunter)                 Turns: 1483, Time: 00:00:06

Health: -4/25      AC:  3    Str: 10    XL:     4   Next: 74%
Magic:  6/6        EV: 11    Int: 14    God:
Gold:   97         SH:  0    Dex: 24    Spells: 3/3 levels left

rFire   . . .        a - +1 shortbow
rCold   . . .        (shield currently unavailable)
rNeg    . . .        k - +0 ring mail
rPois   .            (no helmet)
rElec   .            b - +0 cloak
rCorr   .            (no gloves)
SInv    .            e - +0 pair of boots
Will    .....        (no amulet)
Stlth   ++           j - +6 ring of dexterity
HPRegen 0.24/turn    (no ring)
MPRegen 0.10/turn

%: no passive effects
@: corroded
A: no striking features
a: no special abilities


You were on level 3 of the Dungeon.
You visited 1 branch of the dungeon, and saw 3 of its levels.

You collected 97 gold pieces.


   Skills:
 - Level 1.5 Fighting
 - Level 8.1 Ranged Weapons
 + Level 2.6 Dodging
 - Level 1.2 Stealth


You had 3 spell levels left.
You didn't know any spells.
Your spell library was empty.

Inventory:

Hand Weapons
 a - a +1 shortbow (weapon)
Armour
 b - a +0 cloak (worn)
 e - a +0 pair of boots (worn)
 k - a +0 ring mail (worn)
Jewellery
 j - a +6 ring of dexterity (left hand)
Potions
 c - a potion of berserk rage {unknown}
 d - a potion of might
 f - a potion of haste
 h - a potion of mutation {unknown}
 i - a potion of enlightenment {unknown}
 l - a potion of brilliance {unknown}
 o - a potion of curing {unknown}

Dungeon Overview and Level Annotations

Branches:
Dungeon (3/15)

Altars:


Message History

You shoot an arrow. The arrow hits the goblin.
You kill the goblin!
You open the door.
There is an open door here.
An orc comes into view. It is wielding a +0 mace.
You shoot an arrow. The arrow hits the orc.
The orc is severely wounded.
You shoot an arrow. The arrow closely misses the orc.
You shoot an arrow. The arrow hits the orc.
You kill the orc!
An orc and an adder come into view.
Found a runed spear.
The orc shouts!
You see here a +0 mace.
There are monsters nearby!
1474 ||| READING scroll labelled XAWEUMILAKH.
As you read the scroll labelled XAWEUMILAKH, it crumbles to dust.
You feel strangely unstable.
It was a scroll of teleportation.
There are monsters nearby!
A rat comes into view.
1476 ||| FLEEEEING.
1477 ||| FLEEEEING.
Your surroundings suddenly seem different.
An iguana and a jelly come into view.
The iguana hisses angrily.
You shoot an arrow. The arrow hits the iguana!
The iguana is heavily wounded.
You shoot an arrow. The arrow completely misses the iguana.
You shoot an arrow. The arrow closely misses the iguana.
The iguana closely misses you.
You shoot an arrow. The arrow closely misses the iguana.
The iguana misses you.
You shoot an arrow.
The arrow hits the iguana but does no damage.
The iguana is heavily wounded.
The iguana closely misses you.
You shoot an arrow. The arrow closely misses the iguana.
The jelly hits you.
You are splashed with acid!
The iguana bites you! The jelly hits you. The acid corrodes you!
You are splashed with acid!
You die...

### .. # #.##.# #
..#.##### ### ####
...##.#l....... ..# #...
......J@#..######.# #...
..#.#.#........##.# #...
...............##.# ####
..#.#.#).....%.##.######
...............##.##....
..#.#.#...........##....
.................###....
#####....####'##...'....
#.######....


You could see an iguana and a jelly.

Vanquished Creatures
  A bombardier beetle (D:3)
  An orc wizard (D:3)
  An adder (D:3)
  A dart slug (D:3)
  A ribbon worm (D:2)
  4 orcs (D:3)
  3 ball pythons (D:2)
  5 endoplasms
  6 goblins
  6 hobgoblins
  6 jackals (D:1)
  A quokka (D:1)
  3 bats
  2 frilled lizards (D:1)
  2 kobolds (D:1)
  A rat (D:2)
44 creatures vanquished.

Notes
Turn   | Place    | Note
-------+----------+-------------------------------------------
     0 | D:1      | qw the Deep Elf Hunter began the quest for the Orb.
     0 | D:1      | Reached XP level 1. HP: 12/12 MP: 3/3
     0 | D:1      | 0 ||| qw: Version: 0.3-a-155-g5e7d8dd
     0 | D:1      | 0 ||| qw: Game counter: 2749
     0 | D:1      | 0 ||| qw: Melee chars always use a shield: true
     0 | D:1      | 0 ||| qw: God list: Okawaru
     0 | D:1      | 0 ||| qw: Allow faded altars: false
     0 | D:1      | 0 ||| qw: Do Orc after clearing Dungeon:15 true
     0 | D:1      | 0 ||| qw: Do second Lair branch before Depths: true
     0 | D:1      | 0 ||| qw: Lair rune preference: random
     0 | D:1      | 0 ||| qw: Goals: Normal
     0 | D:1      | 0 ||| PLANNING D:1-11
   206 | D:1      | Reached XP level 2. HP: 16/16 MP: 4/4
   208 | D:1      | Reached skill level 6 in Ranged Weapons
   599 | D:1      | 599 ||| UPGRADING to +0 ring mail.
   609 | D:1      | 609 ||| DROPPING +0 leather armour.
   610 | D:1      | 610 ||| UPGRADING to +6 ring of dexterity.
   611 | D:1      | 611 ||| READING scroll labelled RAL YFURGHAQUCH.
   611 | D:1      | 611 ||| IDENTIFYING bubbling puce potion
   612 | D:1      | 612 ||| READING scroll labelled WOVIOJ HAVOU.
   613 | D:1      | 613 ||| DRINKING 2 lumpy blue potions.
   614 | D:1      | 614 ||| DROPPING scroll of butterflies.
   676 | D:2      | Reached XP level 3. HP: 20/20 MP: 5/5
   920 | D:2      | Found a faded altar of an unknown god.
  1248 | D:2      | 1248 ||| UPGRADING to +0 cloak.
  1253 | D:2      | 1253 ||| DROPPING +2 leather armour of positive energy.
  1254 | D:2      | 1254 ||| UPGRADING to +0 pair of boots.
  1259 | D:2      | 1259 ||| READING scroll of identify.
  1259 | D:2      | 1259 ||| IDENTIFYING fizzy green potion
  1260 | D:2      | 1260 ||| READING scroll labelled XOUFUO SOCIARCH.
  1260 | D:2      | 1260 ||| ENCHANTING +0 shortbow.
  1261 | D:2      | 1261 ||| DROPPING potion of ambrosia.
  1333 | D:3      | Reached skill level 7 in Ranged Weapons
  1337 | D:3      | Reached XP level 4. HP: 25/25 MP: 6/6
  1418 | D:3      | Reached skill level 8 in Ranged Weapons
  1474 | D:3      | 1474 ||| READING scroll labelled XAWEUMILAKH.
  1476 | D:3      | 1476 ||| FLEEEEING.
  1477 | D:3      | 1477 ||| FLEEEEING.
  1483 | D:3      | HP: 5/25 [jelly (3)]
  1483 | D:3      | Splashed by a jelly's acid

Levels and vault maps discovered:
D:1:      dpeg_arrival_three_bigger_balls, layout_basic, minivault_11,
          minmay_misc_feat_roman, minmay_misc_feat_hallway
D:2:      layout_loops_cross, hellmonk_ecumenical_altar_crossroads,
          palyth_stone_intersect
D:3:      layout_basic, serial_glass, glass_columns_b, glass_columns_b,
          glass_columns_a, glass_columns_a, glass_columns_a, glass_columns_a,
          minmay_checkerbox, uniq_grinder

Skill      XL: |  1  2  3  4 |
---------------+-------------+-----
Ranged Weapons | 6 7 8 |  8.1
Fighting       | |  1.5
Dodging        | |  2.6
Stealth        | |  1.2

Action                     |  1- 3 |  4- 6 || total
---------------------------+-------+-------++-------
   Fire: Shortbow          |    97 |    26 ||   123
    Use: Scroll            |     4 |     1 ||     5
         Potion            |     1 |       ||     1
 Armour: Leather armour    |    13 |       ||    13
         Ring mail         |     4 |     4 ||     8
  Dodge: Dodged            |    17 |     6 ||    23

Table legend:
 A = Non-vault XP
 B = Vault XP
 C = Vault XP percentage of total XP
 D = Non-vault monster count
 E = Vault monster count
 F = Vault count percentage of total count
                 A         B        C        D         E       F
            +---------+---------+-------+---------+---------+-------
      Total |     168 |       3 |   1.8 |      43 |       1 |   2.3
            +---------+---------+-------+---------+---------+-------
        D:1 |      37 |       0 |   0.0 |      22 |       0 |   0.0
        D:2 |      20 |       0 |   0.0 |      10 |       0 |   0.0
        D:3 |     111 |       3 |   2.6 |      11 |       1 |   8.3
            +---------+---------+-------+---------+---------+-------
